 Dungeon Crawl Stone Soup version 0.30-a0-613-gdd512c7efb (webtiles) character file.

Game seed: 7843487034485838373

2549 bande the Cleaver (level 9, -12/55 HPs)
             Began as a Gargoyle Fighter on Jan 9, 2023.
             Was a Priest of Okawaru.
             Mangled by a red ugly thing (16 damage)
             ... on level 7 of the Dungeon.
             The game lasted 00:09:38 (4899 turns).

bande the Cleaver (Gargoyle Fighter)                Turns: 4899, Time: 00:09:38

Health: -12/55     AC: 27    Str: 20    XL:     9   Next: 56%
Magic:  0/12       EV: 17    Int:  9    God:    Okawaru [***...]
Gold:   374        SH:  5    Dex: 13    Spells: 8/8 levels left

rFire   . . .      SeeInvis .    a - +2 war axe (protect)
rCold   . . .      Faith    .    c - +0 buckler
rNeg    + . .      Spirit   +    m - +0 chain mail
rPois   ∞          Reflect  .    x - +1 helmet
rElec   +          Harm     .    i - +0 cloak
rCorr   .          Rampage  .    (no gloves)
Will    .....                    (no boots) Stlth
                                 h - amulet of guardian spirit
HPRegen 0.29/turn                k - +5 ring of evasion
MPRegen 0.13/turn                r - +5 ring of evasion

@: under a protective aura
A: sickness immunity, AC +6, negative energy resistance 1, electricity
resistance, torment resistance 1, petrification resistance
a: Renounce Religion, Heroism


You were on level 7 of the Dungeon.
You worshipped Okawaru.
Okawaru was most pleased with you.
You visited 2 branches of the dungeon, and saw 8 of its levels.

You collected 374 gold pieces.

Inventory:

Hand Weapons
 a - a +2 war axe of protection (weapon)
 l - a +0 hand axe of flaming
 y - a +0 war axe
Armour
 c - a +0 buckler (worn)
 i - a +0 cloak (worn)
 m - a +0 chain mail (worn)
 x - a +1 helmet (worn)
Jewellery
 e - a ring of positive energy
 h - an amulet of guardian spirit (around neck)
 j - a ring of see invisible
 k - a +5 ring of evasion (left hand)
 p - a ring of fire
 r - a +5 ring of evasion (right hand)
 A - an amulet of reflection
Wands
 b - a wand of flame (45)
 q - a wand of polymorph (4)
Scrolls
 g - a scroll of fog
 o - a scroll of magic mapping
 s - a scroll of enchant weapon
 u - a scroll of identify
Potions
 d - a potion of might
 f - 3 potions of curing
 n - 3 potions of flight
 t - 2 potions of magic
 v - a potion of heal wounds
 w - a potion of invisibility


   Skills:
 + Level 5.8 Fighting
 + Level 8.2 Axes
 + Level 6.1 Armour
 - Level 0.2 Stealth
 + Level 5.6 Shields
 * Level 4.6 Invocations
 * Level 1.8 Evocations


You had 8 spell levels left.
You didn't know any spells.
Your spell library was empty.

Dungeon Overview and Level Annotations

Branches:
Dungeon (7/15)             Temple (1/1) D:4

Altars:
Ashenzari
Cheibriados
Dithmenos
Fedhas
Gozag
Hepliaklqana
Kikubaaqudgha
Okawaru
Ru
Sif Muna
Trog
Uskayaw
Vehumet
Yredelemnul
The Shining One


Innate Abilities, Weirdness & Mutations

You are immune to sickness and miasma.
Your stone body is resilient. (AC +6)
You are immune to poison.
You resist negative energy. (rN+)
You are resistant to electric shocks. (rElec)
You are resistant to unholy torment.
You are immune to petrification.


Message History

You slash the red ugly thing!
The red ugly thing is moderately wounded.
The red ugly thing pecks you but does no damage. x2
You hit the red ugly thing.
The red ugly thing is moderately wounded.
The red ugly thing pecks you.
You are engulfed in flames!
You are too injured to fight recklessly!
You are too injured to fight recklessly!
You are too injured to fight recklessly!
You are too injured to fight recklessly!
You are too injured to fight recklessly!
You are too injured to fight recklessly!
You are too injured to fight recklessly!
You are too injured to fight recklessly!
You are too injured to fight recklessly!
You slash the red ugly thing!
The red ugly thing is heavily wounded.
The red ugly thing pecks you.
You are engulfed in flames!
* * * LOW HITPOINT WARNING * * *
You closely miss the red ugly thing.
The red ugly thing is heavily wounded.
You block the red ugly thing's attack.
You hit the red ugly thing.
The red ugly thing is heavily wounded.
The red ugly thing completely misses you.
You slash the red ugly thing!
The red ugly thing is heavily wounded.
The red ugly thing barely misses you.
You hit the red ugly thing.
The red ugly thing is severely wounded.
The red ugly thing barely misses you.
You slash the red ugly thing!
The red ugly thing is almost dead.
The red ugly thing pecks you but does no damage.
You closely miss the red ugly thing.
The red ugly thing is severely wounded.
The red ugly thing pecks you!
* * * LOW HITPOINT WARNING * * *
You are engulfed in flames!!
You die...

#.........#
#########.#
#.# #.# #
#.# #.#.#
#.#.#.#
#.....#
###.#@#
.......u#
######..#
...# ###.#
... ..# ###


You could see a red ugly thing.

Vanquished Creatures
  Eustachio (D:5)
  Menkaure (D:4)
  A water moccasin (D:7)
  An ice beast (D:5)
  A black bear (D:6)
  2 centaurs
  An ogre (D:5)
  3 phantoms
  A kobold brigand (D:6)
  3 bullfrogs (D:6)
  5 scorpions
  A necrophage (D:6)
  2 howler monkeys
  2 electric eels (D:6)
  4 jellies
  6 orc priests
  An iguana (D:5)
  8 orc wizards
  Natasha (D:2)
  4 gnolls (D:6)
  9 adders
  A white imp (D:5)
  2 worms
  3 dart slugs
  21 orcs
  6 ball pythons
  4 bats
  3 endoplasms
  3 giant cockroaches
  5 hobgoblins
  13 kobolds
  4 quokkas
  4 frilled lizards
  5 goblins
  8 rats
140 creatures vanquished.

Vanquished Creatures (others)
  A plant (D:6)
1 creature vanquished.

Grand Total: 141 creatures vanquished

Notes
Turn   | Place    | Note
-------+----------+-------------------------------------------
     0 | D:1      | bande the Gargoyle Fighter began the quest for the Orb.
     0 | D:1      | Reached XP level 1. HP: 14/14 MP: 1/1
   203 | D:1      | Reached XP level 2. HP: 19/19 MP: 2/2
   714 | D:2      | Reached skill level 2 in Axes
   715 | D:2      | Reached XP level 3. HP: 24/24 MP: 3/3
  1135 | D:2      | Reached XP level 4. HP: 13/29 MP: 1/4
  1399 | D:2      | Noticed Natasha
  1403 | D:2      | Killed Natasha
  1404 | D:2      | Reached skill level 3 in Axes
  1404 | D:2      | Reached XP level 5. HP: 23/33 MP: 3/5
  1673 | D:3      | Found an opulent altar of Gozag.
  2004 | D:3      | Found a faded altar of an unknown god.
  2065 | D:3      | Reached XP level 6. HP: 38/38 MP: 6/6
  2318 | D:4      | Identified the +0 helmet of the Morning {rElec Slay+4}
  2342 | D:4      | Reached skill level 4 in Axes
  2411 | D:4      | Found a broken altar of Ashenzari.
  2414 | D:4      | Found a snail-covered altar of Cheibriados.
  2417 | D:4      | Found a glowing golden altar of the Shining One.
  2420 | D:4      | Found a hide-covered altar of Uskayaw.
  2518 | D:4      | Reached skill level 5 in Armour
  2597 | D:4      | Found a staircase to the Ecumenical Temple.
  2609 | Temple   | Entered the Ecumenical Temple
  2628 | Temple   | Became a worshipper of Warmaster Okawaru
  2670 | D:4      | Reached XP level 7. HP: 39/44 MP: 5/7
  2796 | D:4      | Reached skill level 1 in Invocations
  2962 | D:4      | Noticed Menkaure
  2971 | D:4      | Killed Menkaure
  2972 | D:4      | Reached skill level 5 in Axes
  3177 | D:5      | Entered Level 5 of the Dungeon
  3260 | D:5      | Reached * piety under Okawaru
  3261 | D:5      | Reached XP level 8. HP: 48/48 MP: 9/9
  3376 | D:5      | Reached skill level 5 in Fighting
  3389 | D:5      | Reached skill level 6 in Axes
  3428 | D:5      | Reached skill level 5 in Shields
  3477 | D:5      | Noticed Eustachio
  3506 | D:5      | Killed Eustachio
  3633 | D:5      | Found a radiant altar of Vehumet.
  3986 | D:6      | Found a transporter.
  3991 | D:6      | Reached ** piety under Okawaru
  3993 | D:6      | Found a transporter.
  4008 | D:6      | Reached skill level 7 in Axes
  4024 | D:6      | Reached XP level 9. HP: 39/54 MP: 8/11
  4306 | D:6      | Reached skill level 1 in Evocations
  4507 | D:6      | Found a sacrificial altar of Ru.
  4609 | D:6      | Reached skill level 8 in Axes
  4722 | D:6      | Reached *** piety under Okawaru
  4886 | D:7      | Noticed a red ugly thing
  4899 | D:7      | Mangled by a red ugly thing

Illustrated notes

Levels and vault maps discovered:
D:1:      mrwooster_arrival_statue, layout_basic, minmay_misc_feat_five
D:2:      layout_basic, minmay_pentomino_t4, uniq_natasha
D:3:      layout_loops_ring, nicolae_gozag_cash_rules_everything_around_me,
          hellmonk_ecumenical_altar_blasted, minmay_crystal_water
D:4:      layout_loops_ring, grunt_temple_overflow_cloverleaf,
          minmay_temple_entry_sparse_star, uniq_menkaure
D:5:      layout_cave_pods, lemuel_doored_altar, uniq_eustachio
D:6:      gammafunk_steamed_eel, layout_cave_pools, nicolae_ru_awakened_eye
D:7:      layout_basic, gammafunk_ghost_abyssal_escape
Temple:   compressed_dpeg_triangle_lava_temple

Skill      XL: |  1  2  3  4  5  6  7  8  9 |
---------------+----------------------------+-----
Axes           | 2 3 4 5 7 8 |  8.2
Armour         | 4 5 6 |  6.1
Fighting       | 4 5 |  5.8
Shields        | 4 5 |  5.6
Invocations    | 2 3 4 |  4.6
Evocations     | 1 |  1.8
Stealth        | |  0.2

Action                   |  1- 3 |  4- 6 |  7- 9 || total
-------------------------+-------+-------+-------++-------
Melee: War axe           |    78 |   126 |   256 ||   460
  Use: Scroll            |       |       |    18 ||    18
Armor: Scale mail        |    42 |    83 |    29 ||   154
       Chain mail        |       |       |    89 ||    89
Dodge: Dodged            |    40 |    52 |   242 ||   334
Block: Buckler           |    15 |    39 |    74 ||   128

Table legend: (Time is in decaauts)
 A = Elapsed time spent in this place.
 B = Non-inter-level travel time spent in this place.
 C = Inter-level travel time spent in this place.
 D = Time resting spent in this place.
 E = Time spent auto-exploring this place.
 F = Levels seen in this place.
 G = Mean time per level.
                   A        B        C        D        E       F      G
               +--------+--------+--------+--------+--------+-----+--------+
         Total |   5031 |   4934 |     97 |    150 |   3440 |   8 |  628.9 |
       Dungeon |   4995 |   4898 |     97 |    150 |   3431 |   7 |  713.6 |
        Temple |     35 |     35 |      0 |      0 |      9 |   1 |   35.0 |
               +--------+--------+--------+--------+--------+-----+--------+

Top non-repeatable levels by time:
     D:4: 978 daAuts
     D:6: 884 daAuts
     D:2: 849 daAuts
     D:5: 833 daAuts
     D:3: 710 daAuts
     D:1: 690 daAuts
     D:7: 49 daAuts
  Temple: 35 daAuts
